 Dungeon Crawl Stone Soup version 0.24.0-37-gcf1ca852f1 (webtiles) character file.

Game seed: 2924934316873167643, levelgen mode: deterministic

113 Iamsoldier the Conjurer (level 4, -1/32 HPs)
             Began as a Gnoll Conjurer on Nov 24, 2019.
             Slain by an ice beast (10 damage)
             ... on level 3 of the Dungeon.
             The game lasted 00:08:44 (3299 turns).

Iamsoldier the Conjurer (Gnoll Conjurer)            Turns: 3299, Time: 00:08:45

Health: -1/32      AC:  2    Str: 11    XL:     4   Next: 96%
Magic:  7/11       EV: 15    Int: 18    God:
Gold:   144        SH:  0    Dex: 15    Spells: 6/13 levels left

rFire    . . .     SeeInvis .   p - +1 spear (venom)
rCold    . . .     Gourm    .   (no shield)
rNeg     . . .     Faith    .   e - +0 robe
rPois    .         Spirit   .   (no helmet)
rElec    .         Reflect  .   (no cloak)
rCorr    .         Harm     .   (no gloves)
MR       .....                  (no boots)
Stlth    +++.......             q - amulet of the acrobat
HPRegen  0.10/turn              (no ring)
MPRegen  0.12/turn              (no ring)

@: no status effects
A: distributed training, fangs 1, strong nose
a: no special abilities


You were on level 3 of the Dungeon.
You were very hungry.

You visited 1 branch of the dungeon, and saw 3 of its levels.

You collected 144 gold pieces.

Inventory:

Hand Weapons
 a - a +0 short sword
 i - a +0 spear
 p - a +1 spear of venom (weapon)
Missiles
 h - 5 javelins (quivered)
Armour
 e - a +0 robe (worn)
Jewellery
 d - an uncursed amulet of guardian spirit
 q - an amulet of the acrobat (around neck)
Scrolls
 g - 2 scrolls of teleportation
 k - 2 scrolls of remove curse
 m - 3 scrolls of identify {unknown}
 o - 2 scrolls of noise {unknown}
 s - a scroll of immolation {unknown}
Potions
 f - 2 potions of mutation {unknown}
 j - a potion of might {unknown}
 l - 3 potions of curing {unknown}
 n - a potion of resistance {unknown}
 r - a potion of berserk rage {unknown}
Comestibles
 c - 4 rations


   Skills:
 + Level 1.2 Fighting
 + Level 1.2 Short Blades
 + Level 1.2 Long Blades
 + Level 1.2 Axes
 + Level 1.2 Maces & Flails
 + Level 1.2 Polearms
 + Level 1.2 Staves
 + Level 1.2 Slings
 + Level 1.2 Bows
 + Level 1.2 Crossbows
 + Level 1.2 Throwing
 + Level 1.2 Armour
 + Level 4.7 Dodging
 + Level 4.3 Stealth
 + Level 1.2 Shields
 + Level 1.2 Unarmed Combat
 + Level 5.1 Spellcasting
 + Level 7.1 Conjurations
 + Level 1.0 Hexes
 + Level 1.0 Charms
 + Level 1.0 Summonings
 + Level 1.0 Necromancy
 + Level 1.0 Translocations
 + Level 1.0 Transmutations
 + Level 1.0 Fire Magic
 + Level 1.0 Ice Magic
 + Level 1.0 Air Magic
 + Level 1.0 Earth Magic
 + Level 1.0 Poison Magic
 + Level 1.4 Invocations
 + Level 1.2 Evocations


You had 6 spell levels left.
You knew the following spells:

 Your Spells              Type           Power        Failure   Level  Hunger
a - Magic Dart            Conj           ####         1%          1    None
b - Searing Ray           Conj           ####..       1%          2    #......
c - Iskenderun's Mystic   Conj           ####....     7%          4    ####...

Your spell library contained the following spells:

 Spells                   Type           Power        Failure   Level  Hunger
 Dazzling Spray           Conj/Hex       ###...       8%          3    ##.....
 Force Lance              Conj/Tloc      ###.....     24%         4    ####...
 Fulminant Prism          Conj/Hex       ###.......   24%         4    ####...


Dungeon Overview and Level Annotations

Branches:
Dungeon (3/15)

Altars:


Innate Abilities, Weirdness & Mutations

Your experience applies equally to all skills.
You have very sharp teeth.
Your uncanny sense of smell can sniff out nearby items.


Message History

Confirm with . or Enter, or press ? or * to list all spells.
Aiming: Searing Ray (safe; 1% risk of failure)
Press: ? - help, Shift-Dir - straight line, f - ice beast
Aim: an ice beast (lightly wounded)
The searing ray hits the ice beast!
The ice beast is moderately wounded. (Press . to maintain the ray.)
The ice beast hits you. The ice beast freezes you!
Casting: Searing Ray (safe; 1% risk of failure)
Confirm with . or Enter, or press ? or * to list all spells.
Aiming: Searing Ray (safe; 1% risk of failure)
Press: ? - help, Shift-Dir - straight line, f/p - ice beast
Aim: an ice beast (moderately wounded)
The searing ray hits the ice beast.
The ice beast is heavily wounded. (Press . to maintain the ray.)
The ice beast hits you.
* * * LOW HITPOINT WARNING * * *
The ice beast freezes you!
You die...

#.# #########.# ...)....#.#
#######Y#.# ..#...@#.#
#(#.##)#.# #
###########.#....#.###.###..
...................†.......>
###########.######.###......
#...# #.# ####. ###.####.#
#......# ########


You could see an ice beast.

Vanquished Creatures
  2 adders (D:2)
  2 worms (D:2)
  2 dart slugs (D:2)
  2 leopard geckos (D:1)
  2 orcs
  4 ball pythons
  7 bats
  5 giant cockroaches
  5 goblins
  7 hobgoblins
  7 jackals
  13 kobolds
  2 quokkas (D:2)
  8 frilled lizards
  7 rats
75 creatures vanquished.

Notes
Turn   | Place    | Note
-------+----------+-------------------------------------------
     0 | D:1      | Iamsoldier the Gnoll Conjurer began the quest for the Orb.
     0 | D:1      | Reached XP level 1. HP: 13/13 MP: 6/6
    73 | D:1      | Reached XP level 2. HP: 13/19 MP: 0/7
   280 | D:1      | Learned a level 2 spell: Searing Ray
   482 | D:1      | You fall into a shaft and drop 1 floor!
   676 | D:1      | Reached XP level 3. HP: 25/25 MP: 7/9
   715 | D:1      | Reached skill level 5 in Spellcasting
   928 | D:1      | Reached skill level 1 in Invocations
  1754 | D:2      | Reached skill level 1 in Fighting
  1754 | D:2      | Reached skill level 1 in Short Blades
  1754 | D:2      | Reached skill level 1 in Long Blades
  1754 | D:2      | Reached skill level 1 in Axes
  1754 | D:2      | Reached skill level 1 in Maces & Flails
  1754 | D:2      | Reached skill level 1 in Polearms
  1754 | D:2      | Reached skill level 1 in Staves
  1754 | D:2      | Reached skill level 1 in Slings
  1754 | D:2      | Reached skill level 1 in Bows
  1754 | D:2      | Reached skill level 1 in Crossbows
  1754 | D:2      | Reached skill level 1 in Throwing
  1754 | D:2      | Reached skill level 1 in Armour
  1754 | D:2      | Reached skill level 1 in Shields
  1754 | D:2      | Reached skill level 1 in Unarmed Combat
  1754 | D:2      | Reached skill level 1 in Evocations
  1771 | D:2      | Reached XP level 4. HP: 32/32 MP: 6/11
  2132 | D:2      | Reached skill level 1 in Hexes
  2132 | D:2      | Reached skill level 1 in Charms
  2132 | D:2      | Reached skill level 1 in Summonings
  2132 | D:2      | Reached skill level 1 in Necromancy
  2132 | D:2      | Reached skill level 1 in Translocations
  2132 | D:2      | Reached skill level 1 in Transmutations
  2132 | D:2      | Reached skill level 1 in Fire Magic
  2132 | D:2      | Reached skill level 1 in Ice Magic
  2132 | D:2      | Reached skill level 1 in Air Magic
  2132 | D:2      | Reached skill level 1 in Earth Magic
  2132 | D:2      | Reached skill level 1 in Poison Magic
  2305 | D:2      | Learned a level 4 spell: Iskenderun's Mystic Blast
  3190 | D:3      | Noticed an ice beast
  3299 | D:3      | Slain by an ice beast

Levels and vault maps discovered:
D:1:      wander_arrival_chamber, layout_basic, minmay_octomino_e4
D:2:      layout_basic, minmay_joined_circles
D:3:      layout_basic, nicolae_overflow_hidden_temple, dk_noncrumbling_2,
          trog_wizard

Skill      XL: |  1  2  3  4 |
---------------+-------------+-----
Spellcasting   | 5 |  5.1
Invocations    | 1 |  1.4
Fighting       | 1 |  1.2
Short Blades   | 1 |  1.2
Long Blades    | 1 |  1.2
Axes           | 1 |  1.2
Maces & Flails | 1 |  1.2
Polearms       | 1 |  1.2
Staves         | 1 |  1.2
Slings         | 1 |  1.2
Bows           | 1 |  1.2
Crossbows      | 1 |  1.2
Throwing       | 1 |  1.2
Armour         | 1 |  1.2
Shields        | 1 |  1.2
Unarmed Combat | 1 |  1.2
Evocations     | 1 |  1.2
Hexes          | 1 |  1.0
Charms         | 1 |  1.0
Summonings     | 1 |  1.0
Necromancy     | 1 |  1.0
Translocations | 1 |  1.0
Transmutations | 1 |  1.0
Fire Magic     | 1 |  1.0
Ice Magic      | 1 |  1.0
Air Magic      | 1 |  1.0
Earth Magic    | 1 |  1.0
Poison Magic   | 1 |  1.0
Dodging        | |  4.7
Stealth        | |  4.3
Conjurations   | |  7.1

Action                   |  1- 3 |  4- 6 || total
-------------------------+-------+-------++-------
Melee: Unarmed           |    19 |       ||    19
       Bite              |     2 |       ||     2
       Short sword       |     2 |     1 ||     3
 Cast: Magic Dart        |    72 |    66 ||   138
       Iskenderun's Myst |       |     2 ||     2
       Searing Ray       |       |     2 ||     2
  Use: Scroll            |       |     2 ||     2
  Eat: Chunk             |     2 |     4 ||     6
Armor: Robe              |     9 |     3 ||    12
Dodge: Dodged            |    39 |    15 ||    54
